 Dungeon Crawl Stone Soup version 0.21-a0-260-g9b2435e (webtiles) character file.

130 Blomdor the Chopper (level 5, -2/38 HPs)
             Began as a Barachi Wizard on Sept 7, 2017.
             Slain by a bullfrog (5 damage)
             ... on level 4 of the Dungeon.
             The game lasted 00:06:50 (4213 turns).

Blomdor the Chopper (Barachi Wizard)                Turns: 4213, Time: 00:06:50

Health: -2/38      AC:  5    Str:  6 (9)  XL:     5   Next: 14%
Magic:  9/9        EV: 12    Int: 17      God:
Gold:   115        SH:  0    Dex: 10      Spells: 3/10 levels left

rFire    . . .     SeeInvis .   l - +0 hand axe
rCold    . . .     Gourm    .   (no shield)
rNeg     . . .     Faith    .   a - +0 robe
rPois    .         Spirit   .   D - +1 helmet
rElec    .         Reflect  .   (no cloak)
rCorr    .         Harm     .   (no gloves)
MR       .....                  s - +0 pair of boots
Stlth    +++.......             (no amulet)
HPRegen  0.12/turn              v - -2 ring of intelligence (curse)
MPRegen  0.11/turn              o - ring of stealth

@: slow
A: +LOS, swims, slowness 1, subdued magic 1, strong legs 1
a: Hop


You were on level 4 of the Dungeon.
You were hungry.

You visited 1 branch of the dungeon, and saw 4 of its levels.

You collected 115 gold pieces.

Inventory:

Hand Weapons
 g - a +0 spear
 l - a +0 hand axe (weapon)
 q - a +0 hunting sling
Missiles
 r - 144 stones (quivered)
Armour
 a - a +0 robe (worn)
 e - a +0 chain mail
 s - a +0 pair of boots (worn)
 D - a +1 helmet (worn)
Jewellery
 o - a ring of stealth (right hand)
 v - a cursed -2 ring of intelligence (left hand)
 z - an uncursed ring of stealth
Scrolls
 f - 2 scrolls of amnesia
 j - a scroll of fog
 k - a scroll of fear
 x - 2 scrolls of teleportation
 y - a scroll of blinking {unknown}
 A - 5 scrolls of identify
 B - a scroll of magic mapping {unknown}
Potions
 b - a potion of flight
 t - a potion of curing
Books
 c - a book of Minor Magic

   Spells                             Type                      Level
   a - Magic Dart                     Conjuration                  1
   b - Blink                          Translocation                2
   c - Call Imp                       Summoning                    2
   d - Slow                           Hexes                        2
   e - Conjure Flame                  Conjuration/Fire             3
   f - Mephitic Cloud                 Conjuration/Poison/Air       3
Comestibles
 d - a bread ration
 h - a meat ration
 i - 2 royal jellies
 n - 4 fruits


   Skills:
 + Level 2.0 Fighting
 * Level 4.3 Axes
 + Level 1.2 Armour
 - Level 2.1 Dodging
 - Level 1.7 Stealth
 - Level 3.2 Spellcasting
 - Level 1.1 Conjurations
   Level 1.2 Summonings
   Level 1.1 Translocations


You had 3 spell levels left.
You knew the following spells:

 Your Spells              Type           Power        Failure   Level  Hunger
a - Magic Dart            Conj           #...         9%          1    None
b - Mephitic Cloud        Conj/Pois/Air  #.......     36%         3    ###....
c - Conjure Flame         Conj/Fire      #.......     34%         3    ###....


Dungeon Overview and Level Annotations

Branches:
Dungeon (4/15)
 Temple: D:4-7

Altars:
Yredelemnul


Innate Abilities, Weirdness & Mutations

Shadows flee at your approach. (+LOS)
You can swim through water.
You cover ground slowly.
You can hop short distances.
Your spells are a little easier to cast, but a little less powerful.


Message History

The bullfrog hits you but does no damage.
You barely miss the bullfrog.
The bullfrog is moderately wounded.
The bullfrog barely misses you.
You barely miss the bullfrog.
The bullfrog is moderately wounded.
The bullfrog hits you. The bullfrog hits you!
* * * LOW HITPOINT WARNING * * *
You barely miss the bullfrog.
The bullfrog is moderately wounded.
The bullfrog completely misses you.
You hit the bullfrog.
The bullfrog is heavily wounded.
The bullfrog hits you!
* * * LOW HITPOINT WARNING * * *
The bullfrog hits you but does no damage.
You hit the bullfrog.
The bullfrog is severely wounded.
The bullfrog hits you.
You die...

#.#...........
#.##.#...........
#.##.#...........
#.##.#...........
#.##.#........... .
#.##.#.#.############....
#.##.#.#>................
#.##.#.#.#######.####...
##.##.#.#.####.F@.........
...............##.####....
##..#.#.#.####.##.# .
#.......... ..#
#..#.#.#.### #.#
#.......... ...
###.#.#...... #.#
......#.#.#### #.#
###.#.#.#.. ..


You could see a bullfrog.

Vanquished Creatures
  6 adders
  An ooze (D:2)
  3 dart slugs (D:1)
  A leopard gecko (D:3)
  3 orcs (D:3)
  2 giant cockroaches
  5 goblins (D:2)
  10 hobgoblins
  9 kobolds
  A quokka (D:3)
  A ball python (D:1)
  13 bats
  6 frilled lizards
  A leopard gecko skeleton (D:4)
  A quokka skeleton (D:2)
  2 rats
  A spectral orc (D:2)
66 creatures vanquished.

Notes
Turn   | Place    | Note
-------+----------+-------------------------------------------
     0 | D:1      | Blomdor the Barachi Wizard began the quest for the Orb.
     0 | D:1      | Reached XP level 1. HP: 13/13 MP: 4/4
    51 | D:1      | Reached skill level 1 in Fighting
   116 | D:1      | Reached skill level 1 in Axes
   116 | D:1      | Reached XP level 2. HP: 14/21 MP: 6/6
   554 | D:1      | Reached skill level 2 in Axes
  1004 | D:2      | Reached XP level 3. HP: 26/26 MP: 7/7
  1009 | D:2      | Learned a level 3 spell: Mephitic Cloud
  1015 | D:2      | Learned a level 3 spell: Conjure Flame
  1523 | D:2      | Found a faded altar of an unknown god.
  1538 | D:2      | Reached skill level 3 in Axes
  1910 | D:2      | Reached XP level 4. HP: 32/32 MP: 8/8
  2257 | D:2      | Reached skill level 4 in Axes
  2750 | D:2      | Found a basalt altar of Yredelemnul.
  3014 | D:3      | Reached skill level 1 in Armour
  3660 | D:3      | Reached XP level 5. HP: 36/38 MP: 9/9
  3816 | D:4      | Noticed an ogre
  3831 | D:4      | Gained mutation: Your magical capacity is low. (-10% MP) [potion of mutation]
  3831 | D:4      | Gained mutation: Your spells are a little easier to cast, but a little less powerful. [potion of mutation]
  3831 | D:4      | Lost mutation: Your magical capacity is low. (-10% MP) [potion of mutation]
  4213 | D:4      | Slain by a bullfrog

Vault maps used:
D:1:      minmay_arrival_hallway, serial_forest, infiniplex_forest_end_1,
          infiniplex_forest_end_3, infiniplex_forest_lined_2,
          infiniplex_forest_corner_2, infiniplex_forest_join,
          infiniplex_forest_clump_curved, infiniplex_forest_pool,
          infiniplex_forest_clump_diagonal
D:2:      yredelemnul_forgotten_temple_becter, chequers_ecumenical_altar_simple
D:4:      minmay_temple_entry_glass, first_bread, uniq_menkaure

Skill      XL: |  1  2  3  4  5 |
---------------+----------------+-----
Fighting       | 1 2 |  2.0
Axes           | 1 2 3 4 |  4.3
Armour         | 1 |  1.2
Dodging        | |  2.1
Stealth        | |  1.7
Spellcasting   | |  3.2
Conjurations   | |  1.1
Summonings     | |  1.2
Translocations | |  1.1

Action                   |  1- 3 |  4- 6 || total
-------------------------+-------+-------++-------
Melee: Spear             |    38 |       ||    38
       Hand axe          |    87 |   163 ||   250
 Fire: Hunting sling     |    12 |    13 ||    25
 Cast: Magic Dart        |     3 |    18 ||    21
       Mephitic Cloud    |       |     1 ||     1
 Abil: Hop               |     1 |     3 ||     4
  Use: Scroll            |     5 |     3 ||     8
       Potion            |       |     6 ||     6
 Stab: Sleeping          |     3 |     3 ||     6
  Eat: Chunk             |     4 |     7 ||    11
Armor: Robe              |    35 |    70 ||   105
Dodge: Dodged            |   103 |   161 ||   264

Table legend:
 A = Spawn XP
 B = Non-spawn XP
 C = Spawn XP percentage of total XP
 D = Spawn monster count
 E = Non-spawn monster count
 F = Spawn count percentage of total count
 G = Total turns spent on level
                    A         B        C        D         E        F      G
               +---------+---------+-------+---------+---------+-------+---------
         Total |       0 |     187 |   0.0 |       0 |      66 |   0.0 |  4213
               +---------+---------+-------+---------+---------+-------+---------
           D:1 |       0 |      31 |   0.0 |       0 |      17 |   0.0 |   981
           D:2 |       0 |      89 |   0.0 |       0 |      31 |   0.0 |  1832
           D:3 |       0 |      66 |   0.0 |       0 |      17 |   0.0 |  1003
           D:4 |       0 |       1 |   0.0 |       0 |       1 |   0.0 |   397
               +---------+---------+-------+---------+---------+-------+---------
